 Dungeon Crawl Stone Soup version 0.18.1-50-g88ac8fd (webtiles) character file.

53 WhiskeyPanda the Vexing (level 3, -3/28 HPs)
             Began as a Centaur Arcane Marksman on Sept 14, 2016.
             Slain by an apocalypse crab (11 damage)
             ... on level 1 of the Abyss.
             The game lasted 00:13:34 (2158 turns).

WhiskeyPanda the Vexing (Centaur Arcane Marksman)   Turns: 2158, Time: 00:13:34

Health: -3/28      AC: 16    Str: 13    XL:     3   Next: 62%
Magic:  4/4        EV:  5    Int: 12    God:
Gold:   107        SH:  0    Dex:  9    Spells: 1 memorised, 3 levels left

rFire  . . .     SeeInvis .     h - +1 short sword
rCold  . . .     Gourm    .     e - +0 scale mail
rNeg   . . .     Faith    .     (no shield)
rPois  .         Spirit   .     (no helmet)
rElec  .         Dismiss  +     (no cloak)
rCorr  .         Reflect  .     (no gloves)
SustAt .         Harm     .     q - +0 centaur barding
MR     .....                    l - amulet of dismissal
Stlth  ..........               s - +6 ring of protection
                                (no ring)

@: lethally poisoned (-3 -> -20), non-regenerating, diseased, very quick, not
resistant to hostile enchantments, extremely unstealthy
A: hooves 3, deformed body, speed 2, tough skin 3
a: no special abilities


You were on level 1 of the Abyss.
You were not hungry.

You visited 1 branch of the dungeon, and saw 2 of its levels.
You visited the Abyss 1 time.

You collected 107 gold pieces.

Inventory:

Hand Weapons
 h - a +1 short sword (weapon)
Missiles
 c - 3 javelins (quivered)
 d - 2 throwing nets
 g - 9 stones
 v - 6 poisoned javelins
Armour
 e - a +0 scale mail (worn)
 q - a +0 centaur barding (worn)
Jewellery
 l - an amulet of dismissal (around neck)
 s - a +6 ring of protection (right hand)
Scrolls
 j - a scroll of remove curse
 k - a scroll of noise
 t - a scroll of enchant weapon
Potions
 a - a potion of might
 i - a potion of resistance
 n - a potion of curing {unknown}
 o - a potion of flight {unknown}
 p - a potion of invisibility {unknown}
Books
 b - a book of Debilitation

   Spells                             Type                      Level
   a - Corona                         Hexes                        1
   b - Slow                           Hexes                        2
   c - Gell's Gravitas                Hexes/Translocation          3
   d - Inner Flame                    Hexes/Fire                   3
   e - Cause Fear                     Hexes                        4
   f - Leda's Liquefaction            Hexes/Earth                  4
Comestibles
 f - a bread ration


   Skills:
 + Level 1.1 Fighting
 + Level 0.3 Short Blades
 + Level 2.8 Throwing
 + Level 0.3 Armour
 + Level 1.8 Dodging
 + Level 0.1 Stealth
 + Level 1.2 Spellcasting
 + Level 3.1 Hexes


You had 3 spell levels left.
You knew the following spells:

 Your Spells              Type           Power        Failure   Level  Hunger
a - Corona                Hex            #......      38%         1    ##.....


Dungeon Overview and Level Annotations

Branches:
Dungeon (2/15)

Altars:
Nemelex Xobeh


Innate Abilities, Weirdness & Mutations

You have hooves in place of feet.
Armour fits poorly on your strangely shaped body.
You cover ground very quickly.
You have extremely tough skin (AC +3).


Message History

The apocalypse crab bites you but does no damage.
The apocalypse crab barely misses you.
Read which item? (? for menu, Esc to quit)
As you read the scroll labeled XODIACLUARO, it crumbles to dust.
It is a scroll of enchant weapon.
Enchant which weapon? (? for menu, Esc to quit)
Your +0 short sword glows red for a moment.
The apocalypse crab bites you.
You are lethally poisoned!
The apocalypse crab poisons you!
The apocalypse crab claws you but does no damage.
Read which item? (? for menu, Esc to quit)
Unknown command.
Read which item? (? for menu, Esc to quit)
As you read the scroll labeled VETHOE LYKUONG, it crumbles to dust.
The creatures around you are filled with an inner flame!
It was a scroll of immolation.
* * * LOW HITPOINT WARNING * * *
You feel sick. The apocalypse crab bites you!
You die...

#...## #
>#.# #
.#...##..#
##..##.#.#
#
#......#.#
# ..##.
.#.##
.#.####..#
# ###.###
#.#t..#
##@###..#
### ..#
..#.. .##
#.. #. . .
#


You could see an apocalypse crab (inner flame).

Vanquished Creatures
  An ooze (D:1)
  2 dart slugs (D:1)
  2 giant geckos (D:2)
  A giant cockroach (D:2)
  6 goblins
  8 hobgoblins
  6 bats
  3 giant newts
  7 kobolds
  4 rats
40 creatures vanquished.

Notes
Turn   | Place    | Note
--------------------------------------------------------------
     0 | D:1      | WhiskeyPanda the Centaur Arcane Marksman began the quest for the Orb.
     0 | D:1      | Reached XP level 1. HP: 16/16 MP: 2/2
   288 | D:1      | Reached skill level 3 in Hexes
   288 | D:1      | Reached XP level 2. HP: 12/23 MP: 3/3
  1162 | D:1      | Reached XP level 3. HP: 24/28 MP: 2/4
  1855 | D:2      | Found a sparkling altar of Nemelex Xobeh.
  2067 | D:2      | Cast into level 1 of the Abyss (goblin)
  2140 | Abyss:1  | Noticed an apocalypse crab
  2145 | Abyss:1  | Noticed an ancient zyme
  2158 | Abyss:1  | Slain by an apocalypse crab

Skill      XL: |  1 |
---------------+----+-----
Hexes          | 3 |  3.1
Fighting       | |  1.1
Short Blades   | |  0.3
Throwing       | |  2.8
Armour         | |  0.3
Dodging        | |  1.8
Stealth        | |  0.1
Spellcasting   | |  1.2

Action                   || total
-------------------------++-------
Melee: Short sword       ||   132
       Unarmed           ||     9
       Kick              ||    18
Throw: Javelin           ||    26
 Cast: Corona            ||     7
  Use: Scroll            ||     6
  Eat: Bread ration      ||     1
Armor: Scale mail        ||    90
Dodge: Dodged            ||    58
